Little Stars vs Atomiques

Created - March 20, 2020 at 19:48

Goals
1 2 3 OT1 SO T
Little Stars 2 2 1 0 0 5
Atomiques 2 1 2 0 1 6
Shots
1 2 3 OT1 SO T
Little Stars 16 10 7 0 3 33
Atomiques 10 10 11 0 3 31

1st period

1. Little Stars , Jesse Joensuu 36 (Evgeny Kuznetsov 44, Scott Kosmachuck 26) at 0:16
2. Little Stars , Jesse Joensuu 37 (Reece Willcox 14, Evgeny Kuznetsov 45) at 3:03
3. Atomiques , Oscar Sundqvist 22 (Jonathan Huberdeau 38) at 11:30
4. Atomiques , Michael Chaput 24 (Dustin Kohn 1, Max Friberg 18) at 18:03

Penalties :
No Penalty

2nd period

5. Little Stars , Daniel O'regan 23 (Adam Tambellini 20, Zach Budish 19) at 19:00
6. Atomiques , Jonathan Huberdeau 20 (Dustin Kohn 2, Oscar Sundqvist 30) at 19:14
7. Little Stars , Evgeny Kuznetsov 27 (Eric Knodel 19, Jesse Joensuu 51) at 19:52

Penalties :
Kerby Rychel (STB) for High sticking (Minor) at 0:51, Kerby Rychel (STB) for Slashing (Minor) at 4:29, William Nylander (STB) for Tripping (Minor) at 6:56, Dalton Smith (STB) for Holding (Minor) at 10:50, Tucker Poolman (Tex) for Hooking (Minor) at 13:29

3rd period

8. Little Stars , Sebastian Wannstrom 14 (Tucker Poolman 3, Michael Mersch 14) at 5:55
9. Atomiques , Michael Chaput 25 (Travis Sanheim 32, Colby Cohen 17) at 9:05
10. Atomiques , Oscar Sundqvist 23 (Jonathan Huberdeau 39) at 13:34 (PP)

Penalties :
Daniil Tarasov (Tex) for Holding (Minor) at 13:26

Overtime #1

No Goal

Penalties :
Eric Knodel (Tex) for Roughing (Double Minor) at 0:41

Shootout

Little Stars, Evgeny Kuznetsov - Stopped by Connor Hellebyuk
Atomiques, Jonathan Huberdeau - Shot Misses the Net
Little Stars, Jesse Joensuu - Stopped by Connor Hellebyuk
Atomiques, Corey Tropp - Stopped by Matt Murray
Little Stars, Adam Tambellini - Stopped by Connor Hellebyuk
Atomiques, Max Friberg - Goal!

Penalties :
No Penalty

Goalie Stats

Matt Murray (Tex), 26 saves from 31 shots - (0.839), OTL, 28-15-5, 65:00 minutes
Connor Hellebyuk (STB), 28 saves from 33 shots - (0.848), W, 22-16-5, 65:00 minutes

Players Stats for Little Stars

Player Name              G  A  P  +/- PIM S  H  SB GA TA FO     MP     PP MP  PK MP  
------------------------------------------------------------------------------------
Adam Tambellini          0  1  1   0  0   2  1  0  0  0  0/1    17:00   3:37   0:29 
Anton Cederholm          0  0  0  -1  0   0  1  2  0  0  0/0    21:43   3:26   2:14 
Daniel O'regan           1  0  1   0  0   4  3  0  1  0  12/20  16:53   3:37   0:22 
Daniil Tarasov           0  0  0   0  2   0  1  0  0  0  1/2     6:42   0:00   0:00 
Emile Poirier            0  0  0   0  0   0  0  0  0  0  0/0     8:58   0:00   1:47 
Eric Knodel              0  1  1  -1  4   0  2  2  0  0  0/0    20:46   3:26   0:59 
Evgeny Kuznetsov         1  2  3   2  0   5  0  1  2  0  18/28  24:50   4:19   2:34 
Jason Dickinson          0  0  0  -1  0   0  0  0  0  0  7/9    12:30   0:00   0:00 
Jesse Joensuu            2  1  3   2  0   3  4  0  0  1  0/1    24:04   3:55   1:56 
Michael Mersch           0  1  1  -1  0   4  0  0  1  0  1/1    14:39   0:30   0:36 
Patrick Wiercioch        0  0  0  -1  0   1  0  1  1  0  0/0    28:55   4:30   3:01 
Radel Fazleev            0  0  0   0  0   2  0  0  1  0  2/5     6:43   0:00   0:00 
Reece Willcox            0  1  1   3  0   2  1  0  0  2  0/0    15:06   0:00   1:33 
Scott Kosmachuck         0  1  1   2  0   1  0  0  1  0  0/2    21:25   3:49   0:29 
Sebastian Wannstrom      1  0  1  -1  0   3  2  1  1  0  0/0    13:18   0:24   0:00 
Tucker Poolman           0  1  1   3  2   1  0  0  0  1  0/0    14:43   0:00   1:30 
Tyler Wotherspoon        0  0  0  -1  0   1  1  0  0  1  0/0    28:47   4:30   2:55 
Zach Budish              0  1  1   0  0   4  0  1  1  0  0/1    16:49   3:37   0:00 

Players Stats for Atomiques

Player Name              G  A  P  +/- PIM S  H  SB GA TA FO     MP     PP MP  PK MP  
------------------------------------------------------------------------------------
Bobby Farnham            0  0  0  -1  0   0  0  0  0  0  0/0     8:25   0:00   0:00 
Colby Cohen              0  1  1  -1  0   0  0  0  1  0  0/0    16:07   0:00   3:47 
Corey Tropp              0  0  0   0  0   2  2  1  1  0  1/1    21:10   1:19   0:00 
Dalton Smith             0  0  0  -1  2   1  0  0  1  0  0/0     7:56   0:00   0:00 
Dustin Kohn              0  2  2   0  0   6  1  2  2  1  0/0    29:53   1:21   4:09 
Eric Mestery             0  0  0  -1  0   0  2  2  0  4  0/0    12:47   0:00   0:00 
Freddie Hamilton         0  0  0  -1  0   3  0  1  0  0  1/1     6:48   0:00   0:00 
Jacob De La Rose         0  0  0   0  0   0  1  2  0  1  1/1    14:36   0:00   4:03 
Jonathan Huberdeau       1  2  3   0  0   2  1  1  0  0  1/5    22:41   1:19   1:26 
Jordan Schmaltz          0  0  0   0  0   2  1  4  0  1  0/0    23:33   0:46   4:09 
Kerby Rychel             0  0  0   0  4   1  2  0  0  1  0/1    15:08   0:48   0:00 
Matt Tennyson            0  0  0   0  0   2  2  4  0  1  0/0    22:20   0:46   3:47 
Max Friberg              0  1  1   0  0   0  0  0  0  0  0/1    13:07   0:00   2:27 
Michael Chaput           2  0  2   0  0   5  1  1  0  0  1/6    13:13   0:00   2:30 
Nick Schmaltz            0  0  0   0  0   1  2  1  0  0  7/15   18:07   0:48   1:23 
Oscar Sundqvist          2  1  3   0  0   3  3  0  0  0  16/37  24:09   1:19   4:03 
Travis Sanheim           0  1  1   0  0   2  0  4  0  0  0/0    25:20   1:21   0:00 
William Nylander         0  0  0   0  2   1  0  1  0  0  1/2    16:40   0:48   0:00 

3 Stars

1 - Jesse Joensuu (Tex)
2 - Oscar Sundqvist (STB)
3 - Evgeny Kuznetsov (Tex)

Power Play

Little Stars - 0 on 4 Attempt(s) - 0.00%
Atomiques - 1 on 4 Attempt(s) - 25.00%

Penalty Kill

Little Stars - 3 on 4 Attempt(s) - 75.00% - Score 0 goal in Penalty Kill
Atomiques - 4 on 4 Attempt(s) - 100.00% - Score 0 goal in Penalty Kill

Team Stat

Little Stars - Hits : 16 - Faceoff Wins : 41 - Blocked Shots : 8 - Penalty Minutes : 8
Atomiques - Hits : 18 - Faceoff Wins : 29 - Blocked Shots : 24 - Penalty Minutes : 8

Official

Referees : Unknown
Linesman : Unknown

Game Notes

No Game Note

Finance

Level 1 -- Attendance: 1342 (67.10%) -- Ticket Income $53,680
Level 2 -- Attendance: 704 (70.40%) -- Ticket Income $14,080
Total Attendance: 2046 (68.20%)
Total Ticket Income: $67,760
Other Income: $3,388
Total Income: $71,148

Little Stars

5 vs 5 Forward 
   Center                   Left Wing                Right Wing               Time % Phy DF OF 
 1 Evgeny Kuznetsov         Jesse Joensuu            Scott Kosmachuck         40     1   2  2  
 2 Daniel O'regan           Adam Tambellini          Zach Budish              30     1   2  2  
 3 Jason Dickinson          Michael Mersch           Sebastian Wannstrom      20     1   2  2  
 4 Radel Fazleev            Emile Poirier            Daniil Tarasov           10     1   2  2  

5 vs 5 Defense 
   Defense                  Defense                                           Time % Phy DF OF 
 1 Tyler Wotherspoon        Patrick Wiercioch                                 40     1   2  2  
 2 Eric Knodel              Anton Cederholm                                   30     1   2  2  
 3 Reece Willcox            Tucker Poolman                                    20     1   2  2  
 4 Tyler Wotherspoon        Patrick Wiercioch                                 10     1   2  2  

PowerPlay Forward 
   Center                   Left Wing                Right Wing               Time % Phy DF OF 
 1 Evgeny Kuznetsov         Jesse Joensuu            Scott Kosmachuck         60     0   2  3  
 2 Daniel O'regan           Adam Tambellini          Zach Budish              40     0   2  3  

PowerPlay Defense
   Defense                  Defense                                           Time % Phy DF OF 
 1 Tyler Wotherspoon        Patrick Wiercioch                                 60     0   2  3  
 2 Eric Knodel              Anton Cederholm                                   40     0   2  3  

Penalty Kill 4 Players Forward 
   Center                   Wing                     Time % Phy DF OF 
 1 Evgeny Kuznetsov         Jesse Joensuu            60     0   3  2  
 2 Adam Tambellini          Scott Kosmachuck         40     0   3  2  

Penalty Kill 4 Players Defense
   Defense                  Defense                  Time % Phy DF OF 
 1 Tyler Wotherspoon        Patrick Wiercioch        60     0   3  2  
 2 Eric Knodel              Anton Cederholm          40     0   3  2  

Penalty Kill - 3 Players Forward 
   Forward                                           Time % Phy DF OF 
 1 Evgeny Kuznetsov                                  60     0   3  2  
 2 Jesse Joensuu                                     40     0   3  2  

Penalty Kill - 3 Players Defense
   Defense                  Defense                  Time % Phy DF OF 
 1 Tyler Wotherspoon        Patrick Wiercioch        60     0   3  2  
 2 Eric Knodel              Anton Cederholm          40     0   3  2  

4 vs 4 Forward 
   Center                   Wing                     Time % Phy DF OF 
 1 Evgeny Kuznetsov         Jesse Joensuu            60     1   2  2  
 2 Adam Tambellini          Scott Kosmachuck         40     1   2  2  

4 vs 4 Defense
   Defense                  Defense                  Time % Phy DF OF 
 1 Tyler Wotherspoon        Patrick Wiercioch        60     1   2  2  
 2 Eric Knodel              Anton Cederholm          40     1   2  2  

Last Minutes Offensive
   Center                   Left Wing                Right Wing               Defense                  Defense                  
   Evgeny Kuznetsov         Jesse Joensuu            Scott Kosmachuck         Tyler Wotherspoon        Patrick Wiercioch        

Last Minutes Defensive
   Center                   Left Wing                Right Wing               Defense                  Defense                  
   Evgeny Kuznetsov         Jesse Joensuu            Scott Kosmachuck         Tyler Wotherspoon        Patrick Wiercioch        

Goaltenders
Starting : Matt Murray              
Backup : Peter Delmas             

Extra Forwards
Normal : Michael Mersch, Sebastian Wannstrom, Emile Poirier - PP : Michael Mersch, Sebastian Wannstrom - PK : Emile Poirier
Extra Defensemen
Normal : Reece Willcox, Tucker Poolman, Eric Knodel - PP : Reece Willcox - PK : Tucker Poolman, Eric Knodel
Penalty Shots
Evgeny Kuznetsov, Jesse Joensuu, Adam Tambellini, Scott Kosmachuck, Zach Budish

Scratches
Justin Auger (Healthy), Ville Pokka (Healthy), Shane Gersich (Healthy), Julien Nantel (Healthy), Connor Knapp (Healthy)
Spencer Martin (Healthy)

Atomiques

5 vs 5 Forward 
   Center                   Left Wing                Right Wing               Time % Phy DF OF 
 1 Oscar Sundqvist          Jonathan Huberdeau       Corey Tropp              40     1   2  2  
 2 Nick Schmaltz            Kerby Rychel             William Nylander         30     1   2  2  
 3 Michael Chaput           Jacob De La Rose         Max Friberg              20     1   2  2  
 4 Freddie Hamilton         Dalton Smith             Bobby Farnham            10     1   2  2  

5 vs 5 Defense 
   Defense                  Defense                                           Time % Phy DF OF 
 1 Dustin Kohn              Travis Sanheim                                    40     1   2  2  
 2 Matt Tennyson            Jordan Schmaltz                                   30     1   2  2  
 3 Colby Cohen              Eric Mestery                                      20     1   2  2  
 4 Dustin Kohn              Travis Sanheim                                    10     1   2  2  

PowerPlay Forward 
   Center                   Left Wing                Right Wing               Time % Phy DF OF 
 1 Oscar Sundqvist          Jonathan Huberdeau       Corey Tropp              60     1   2  2  
 2 Nick Schmaltz            Kerby Rychel             William Nylander         40     1   2  2  

PowerPlay Defense
   Defense                  Defense                                           Time % Phy DF OF 
 1 Dustin Kohn              Travis Sanheim                                    60     1   2  2  
 2 Matt Tennyson            Jordan Schmaltz                                   40     1   2  2  

Penalty Kill 4 Players Forward 
   Center                   Wing                     Time % Phy DF OF 
 1 Oscar Sundqvist          Jacob De La Rose         60     1   2  2  
 2 Michael Chaput           Max Friberg              40     1   2  2  

Penalty Kill 4 Players Defense
   Defense                  Defense                  Time % Phy DF OF 
 1 Dustin Kohn              Jordan Schmaltz          60     1   2  2  
 2 Matt Tennyson            Colby Cohen              40     1   2  2  

Penalty Kill - 3 Players Forward 
   Forward                                           Time % Phy DF OF 
 1 Oscar Sundqvist                                   60     1   2  2  
 2 Jacob De La Rose                                  40     1   2  2  

Penalty Kill - 3 Players Defense
   Defense                  Defense                  Time % Phy DF OF 
 1 Dustin Kohn              Jordan Schmaltz          60     1   2  2  
 2 Matt Tennyson            Colby Cohen              40     1   2  2  

4 vs 4 Forward 
   Center                   Wing                     Time % Phy DF OF 
 1 Jonathan Huberdeau       Corey Tropp              60     1   2  2  
 2 Oscar Sundqvist          William Nylander         40     1   2  2  

4 vs 4 Defense
   Defense                  Defense                  Time % Phy DF OF 
 1 Dustin Kohn              Travis Sanheim           60     1   2  2  
 2 Matt Tennyson            Jordan Schmaltz          40     1   2  2  

Last Minutes Offensive
   Center                   Left Wing                Right Wing               Defense                  Defense                  
   Oscar Sundqvist          Jonathan Huberdeau       William Nylander         Matt Tennyson            Travis Sanheim           

Last Minutes Defensive
   Center                   Left Wing                Right Wing               Defense                  Defense                  
   Oscar Sundqvist          Jacob De La Rose         Corey Tropp              Dustin Kohn              Jordan Schmaltz          

Goaltenders
Starting : Connor Hellebyuk         
Backup : Thatcher Demko           

Extra Forwards
Normal : Bobby Farnham, William Nylander, Nick Schmaltz - PP : Bobby Farnham, William Nylander - PK : Nick Schmaltz
Extra Defensemen
Normal : Jordan Schmaltz, Colby Cohen, Eric Mestery - PP : Matt Tennyson - PK : Jordan Schmaltz, Eric Mestery
Penalty Shots
Jonathan Huberdeau, Corey Tropp, Max Friberg, Oscar Sundqvist, Bobby Farnham

Scratches
Mike Halmo (Healthy), Max McCormick (Healthy), Connor Clifton (Healthy), Joseph Cramarossa (Healthy), Carl Dahlstrom (Healthy)
Anthony Nigro (Healthy), Nicolas Aube-Kubel (Healthy), Axel Holmstrom (Healthy), Keegan Iverson (Healthy), Aaron Haydon (Healthy)

% Time on Ice - Little Stars

Lines # - Real PCT - Wanted PCT - Time Play
Normal Forward
1 - 36% - 40% - 17:50
2 - 26% - 30% - 12:54
3 - 25% - 20% - 12:30
4 - 13% - 10% - 6:43
Normal Defense
1 - 39% - 40% - 19:25
2 - 31% - 30% - 15:42
3 - 26% - 20% - 13:14
4 - 3% - 10% - 1:36
PP Forward
1 - 54% - 60% - 4:19
2 - 46% - 40% - 3:37
PP Defense
1 - 57% - 60% - 4:30
2 - 43% - 40% - 3:26
PK Forward
1 - 77% - 60% - 1:38
2 - 23% - 40% - 0:29
PK Defense
1 - 72% - 60% - 1:32
2 - 28% - 40% - 0:35
PK3 Forward
1 - 77% - 60% - 3:05
2 - 23% - 40% - 0:54
PK3 Defense
1 - 39% - 60% - 1:34
2 - 61% - 40% - 2:25
44 Forward
1 - 97% - 60% - 0:59
2 - 3% - 40% - 0:02
44 Defense
1 - 48% - 60% - 0:29
2 - 52% - 40% - 0:32
Last Minute Offensive  - 0:00
Last Minute Defensive  - 0:00
Total
Forward - 65:00
Defense - 65:00

% Time on Ice - Atomiques

Lines # - Real PCT - Wanted PCT - Time Play
Normal Forward
1 - 37% - 40% - 18:15
2 - 29% - 30% - 14:22
3 - 21% - 20% - 10:32
4 - 14% - 10% - 6:48
Normal Defense
1 - 40% - 40% - 19:48
2 - 32% - 30% - 15:51
3 - 24% - 20% - 12:09
4 - 4% - 10% - 2:09
PP Forward
1 - 62% - 60% - 1:19
2 - 38% - 40% - 0:48
PP Defense
1 - 64% - 60% - 1:21
2 - 36% - 40% - 0:46
PK Forward
1 - 69% - 60% - 5:29
2 - 31% - 40% - 2:27
PK Defense
1 - 52% - 60% - 4:09
2 - 48% - 40% - 3:47
PK3 Forward
1 - 0% - 60%
2 - 0% - 40%
PK3 Defense
1 - 0% - 60%
2 - 0% - 40%
44 Forward
1 - 85% - 60% - 4:14
2 - 15% - 40% - 0:46
44 Defense
1 - 49% - 60% - 2:26
2 - 51% - 40% - 2:34
Last Minute Offensive  - 0:00
Last Minute Defensive  - 0:00
Total
Forward - 65:00
Defense - 65:00

Play-by-Play

1st period


0:01 of 1st period - Evgeny Kuznetsov wins face-off versus Oscar Sundqvist in neutral zone.
0:10 of 1st period - Snap shot by Evgeny Kuznetsov.
0:10 of 1st period - Stopped by Connor Hellebyuk with a rebound.
0:14 of 1st period - Snap shot by Evgeny Kuznetsov.
0:14 of 1st period - Shot Blocked by Jonathan Huberdeau.
0:16 of 1st period - Snap shot by Jesse Joensuu.
0:16 of 1st period - Goal by Jesse Joensuu - Little Stars : 1 - Atomiques : 0.
0:17 of 1st period - Daniel O'regan wins face-off versus Nick Schmaltz in neutral zone.
0:57 of 1st period - Eric Knodel is hit by Jacob De La Rose and loses puck.
1:27 of 1st period - Icing by Scott Kosmachuck.
1:28 of 1st period - Freddie Hamilton wins face-off versus Evgeny Kuznetsov in Little Stars zone.
1:39 of 1st period - Slapshot by Evgeny Kuznetsov.
1:39 of 1st period - Shot Misses the Net.
2:59 of 1st period - Snap shot by Evgeny Kuznetsov.
2:59 of 1st period - Shot Blocked by Freddie Hamilton.
3:01 of 1st period - Slapshot by Reece Willcox.
3:01 of 1st period - Stopped by Connor Hellebyuk with a rebound.
3:03 of 1st period - Slapshot by Jesse Joensuu.
3:03 of 1st period - Goal by Jesse Joensuu - Little Stars : 2 - Atomiques : 0.
3:04 of 1st period - Daniel O'regan wins face-off versus Oscar Sundqvist in neutral zone.
3:15 of 1st period - Slapshot by Zach Budish.
3:15 of 1st period - Stopped by Connor Hellebyuk without a rebound.
3:16 of 1st period - Nick Schmaltz wins face-off versus Daniel O'regan in Atomiques zone.
4:04 of 1st period - Wrist shot by Michael Mersch.
4:04 of 1st period - Shot Blocked by Jacob De La Rose.
4:08 of 1st period - Backhand shot by Michael Mersch.
4:08 of 1st period - Deflect By Sebastian Wannstrom.
4:08 of 1st period - Shot Misses the Net.
4:08 of 1st period - Puck is out of play.
4:09 of 1st period - Daniel O'regan wins face-off versus Kerby Rychel in Atomiques zone.
4:14 of 1st period - Wrist shot by Zach Budish.
4:14 of 1st period - Deflect By Adam Tambellini.
4:14 of 1st period - Shot Blocked by Travis Sanheim.
4:14 of 1st period - Puck is out of play.
4:15 of 1st period - Nick Schmaltz wins face-off versus Daniel O'regan in Atomiques zone.
4:19 of 1st period - Icing by Dustin Kohn.
4:20 of 1st period - Jason Dickinson wins face-off versus Nick Schmaltz in Atomiques zone.
4:25 of 1st period - Snap shot by Sebastian Wannstrom.
4:25 of 1st period - Stopped by Connor Hellebyuk with a rebound.
5:48 of 1st period - Wrist shot by Corey Tropp.
5:48 of 1st period - Stopped by Matt Murray with a rebound.
5:50 of 1st period - Snap shot by Jonathan Huberdeau.
5:50 of 1st period - Shot Misses the Net.
5:52 of 1st period - Slapshot by Colby Cohen.
5:52 of 1st period - Shot Misses the Net.
6:17 of 1st period - Snap shot by William Nylander.
6:17 of 1st period - Shot Misses the Net.
7:03 of 1st period - Snap shot by Jesse Joensuu.
7:03 of 1st period - Shot Misses the Net.
7:05 of 1st period - Slapshot by Tucker Poolman.
7:05 of 1st period - Shot Blocked by Matt Tennyson.
7:07 of 1st period - Snap shot by Jesse Joensuu.
7:07 of 1st period - Deflect By Evgeny Kuznetsov.
7:07 of 1st period - Stopped by Connor Hellebyuk without a rebound.
7:08 of 1st period - Oscar Sundqvist wins face-off versus Adam Tambellini in Atomiques zone.
7:22 of 1st period - Adam Tambellini is hit by Corey Tropp and loses puck.
8:44 of 1st period - Wrist shot by Zach Budish.
8:44 of 1st period - Stopped by Connor Hellebyuk with a rebound.
8:46 of 1st period - Snap shot by Tyler Wotherspoon.
8:46 of 1st period - Stopped by Connor Hellebyuk without a rebound.
8:47 of 1st period - Evgeny Kuznetsov wins face-off versus Oscar Sundqvist in Atomiques zone.
9:24 of 1st period - Off-side.
9:25 of 1st period - Oscar Sundqvist wins face-off versus Jason Dickinson in neutral zone.
10:35 of 1st period - Off-side.
10:36 of 1st period - Radel Fazleev wins face-off versus Oscar Sundqvist in neutral zone.
10:38 of 1st period - Off-side.
10:39 of 1st period - Radel Fazleev wins face-off versus Oscar Sundqvist in neutral zone.
10:44 of 1st period - Snap shot by Radel Fazleev.
10:44 of 1st period - Stopped by Connor Hellebyuk with a rebound.
10:46 of 1st period - Slapshot by Reece Willcox.
10:46 of 1st period - Deflect By Jonathan Huberdeau.
10:46 of 1st period - Stopped by Connor Hellebyuk without a rebound.
10:47 of 1st period - Evgeny Kuznetsov wins face-off versus Oscar Sundqvist in Atomiques zone.
11:00 of 1st period - Slapshot by Oscar Sundqvist.
11:00 of 1st period - Stopped by Matt Murray with a rebound.
11:12 of 1st period - Dustin Kohn is hit by Daniel O'regan and loses puck.
11:19 of 1st period - Slapshot by Adam Tambellini.
11:19 of 1st period - Deflect By Daniel O'regan.
11:19 of 1st period - Shot Blocked by Travis Sanheim.
11:19 of 1st period - Puck is out of play.
11:20 of 1st period - Jason Dickinson wins face-off versus Oscar Sundqvist in Atomiques zone.
11:21 of 1st period - Slapshot by Sebastian Wannstrom.
11:21 of 1st period - Shot Misses the Net.
11:30 of 1st period - Wrist shot by Oscar Sundqvist.
11:30 of 1st period - Goal by Oscar Sundqvist - Little Stars : 2 - Atomiques : 1.
11:31 of 1st period - Oscar Sundqvist wins face-off versus Scott Kosmachuck in neutral zone.
11:34 of 1st period - Jesse Joensuu is hit by Oscar Sundqvist and loses puck.
11:43 of 1st period - Slapshot by Jonathan Huberdeau.
11:43 of 1st period - Shot Blocked by Patrick Wiercioch.
11:45 of 1st period - Wrist shot by Dustin Kohn.
11:45 of 1st period - Stopped by Matt Murray without a rebound.
11:46 of 1st period - Daniel O'regan wins face-off versus Nick Schmaltz in Little Stars zone.
12:26 of 1st period - Icing by Eric Knodel.
12:27 of 1st period - Evgeny Kuznetsov wins face-off versus Michael Chaput in Little Stars zone.
12:57 of 1st period - Wrist shot by Jesse Joensuu.
12:57 of 1st period - Shot Blocked by Matt Tennyson.
12:59 of 1st period - Slapshot by Jesse Joensuu.
12:59 of 1st period - Shot Blocked by Michael Chaput.
13:01 of 1st period - Slapshot by Evgeny Kuznetsov.
13:01 of 1st period - Stopped by Connor Hellebyuk with a rebound.
13:03 of 1st period - Slapshot by Anton Cederholm.
13:03 of 1st period - Shot Blocked by Jordan Schmaltz.
13:05 of 1st period - Snap shot by Anton Cederholm.
13:05 of 1st period - Shot Blocked by Jordan Schmaltz.
13:13 of 1st period - Snap shot by Evgeny Kuznetsov.
13:13 of 1st period - Stopped by Connor Hellebyuk without a rebound.
13:14 of 1st period - Jason Dickinson wins face-off versus Oscar Sundqvist in Atomiques zone.
13:15 of 1st period - Snap shot by Michael Mersch.
13:15 of 1st period - Deflect By Sebastian Wannstrom.
13:15 of 1st period - Shot Misses the Net.
13:15 of 1st period - Puck is out of play.
13:16 of 1st period - Jason Dickinson wins face-off versus Oscar Sundqvist in Atomiques zone.
13:41 of 1st period - Nick Schmaltz is hit by Daniel O'regan and loses puck.
14:25 of 1st period - Snap shot by Michael Chaput.
14:25 of 1st period - Stopped by Matt Murray with a rebound.
14:27 of 1st period - Backhand shot by Dustin Kohn.
14:27 of 1st period - Stopped by Matt Murray with a rebound.
14:29 of 1st period - Slapshot by Dustin Kohn.
14:29 of 1st period - Stopped by Matt Murray without a rebound.
14:30 of 1st period - Oscar Sundqvist wins face-off versus Daniel O'regan in Little Stars zone.
14:43 of 1st period - Snap shot by Adam Tambellini.
14:43 of 1st period - Stopped by Connor Hellebyuk without a rebound.
14:44 of 1st period - Oscar Sundqvist wins face-off versus Jason Dickinson in Atomiques zone.
15:11 of 1st period - Icing by Adam Tambellini.
15:12 of 1st period - Daniel O'regan wins face-off versus Nick Schmaltz in Little Stars zone.
15:12 of 1st period - Daniel O'regan is hit by Matt Tennyson.
15:22 of 1st period - Snap shot by Zach Budish.
15:22 of 1st period - Shot Misses the Net.
15:35 of 1st period - Wrist shot by Kerby Rychel.
15:35 of 1st period - Shot Misses the Net.
15:47 of 1st period - Wrist shot by Kerby Rychel.
15:47 of 1st period - Shot Blocked by Anton Cederholm.
16:01 of 1st period - Snap shot by Kerby Rychel.
16:01 of 1st period - Stopped by Matt Murray without a rebound.
16:02 of 1st period - Evgeny Kuznetsov wins face-off versus Jonathan Huberdeau in Little Stars zone.
16:07 of 1st period - Slapshot by Patrick Wiercioch.
16:07 of 1st period - Stopped by Connor Hellebyuk without a rebound.
16:08 of 1st period - Oscar Sundqvist wins face-off versus Evgeny Kuznetsov in Atomiques zone.
16:42 of 1st period - Snap shot by Michael Mersch.
16:42 of 1st period - Stopped by Connor Hellebyuk without a rebound.
16:43 of 1st period - Oscar Sundqvist wins face-off versus Daniel O'regan in Atomiques zone.
16:43 of 1st period - Oscar Sundqvist is hit by Reece Willcox.
17:43 of 1st period - Snap shot by Travis Sanheim.
17:43 of 1st period - Deflect By Tucker Poolman.
17:43 of 1st period - Stopped by Matt Murray with a rebound.
18:03 of 1st period - Wrist shot by Michael Chaput.
18:03 of 1st period - Goal by Michael Chaput - Little Stars : 2 - Atomiques : 2.
18:04 of 1st period - Evgeny Kuznetsov wins face-off versus Oscar Sundqvist in neutral zone.
18:11 of 1st period - Wrist shot by Evgeny Kuznetsov.
18:11 of 1st period - Shot Misses the Net.
18:30 of 1st period - Patrick Wiercioch is hit by Nick Schmaltz and loses puck.
18:53 of 1st period - Slapshot by Emile Poirier.
18:53 of 1st period - Shot Blocked by William Nylander.
18:55 of 1st period - Snap shot by Emile Poirier.
18:55 of 1st period - Shot Blocked by Travis Sanheim.
19:07 of 1st period - Snap shot by William Nylander.
19:07 of 1st period - Shot Misses the Net.
19:39 of 1st period - Snap shot by Evgeny Kuznetsov.
19:39 of 1st period - Shot Misses the Net.
Goals for this period are 2 for Little Stars vs 2 for Atomiques.
Shots for this period are 16 for Little Stars vs 10 for Atomiques.

2nd period


0:01 of 2nd period - Evgeny Kuznetsov wins face-off versus Oscar Sundqvist in neutral zone.
0:33 of 2nd period - Off-side.
0:34 of 2nd period - William Nylander wins face-off versus Daniel O'regan in neutral zone.
0:43 of 2nd period - Wrist shot by Zach Budish.
0:43 of 2nd period - Stopped by Connor Hellebyuk without a rebound.
0:44 of 2nd period - Daniel O'regan wins face-off versus Nick Schmaltz in Atomiques zone.
0:47 of 2nd period - Wrist shot by Daniel O'regan.
0:47 of 2nd period - Shot Misses the Net.
0:49 of 2nd period - Slapshot by Zach Budish.
0:49 of 2nd period - Shot Misses the Net.
0:51 of 2nd period - Minor Penalty to Kerby Rychel for High sticking.
0:52 of 2nd period - Evgeny Kuznetsov wins face-off versus Oscar Sundqvist in Atomiques zone.
2:06 of 2nd period - Slapshot by Dustin Kohn.
2:06 of 2nd period - Shot Blocked by Eric Knodel.
2:08 of 2nd period - Slapshot by Jordan Schmaltz.
2:08 of 2nd period - Shot Misses the Net.
2:10 of 2nd period - Slapshot by Dustin Kohn.
2:10 of 2nd period - Shot Blocked by Eric Knodel.
2:51 of 2nd period - Penalty to Kerby Rychel is over, Kerby Rychel is back on ice.
2:58 of 2nd period - Dalton Smith is hit by Eric Knodel and loses puck.
3:53 of 2nd period - Snap shot by Jonathan Huberdeau.
3:53 of 2nd period - Shot Misses the Net.
3:55 of 2nd period - Wrist shot by Corey Tropp.
3:55 of 2nd period - Shot Misses the Net.
3:57 of 2nd period - Snap shot by Matt Tennyson.
3:57 of 2nd period - Stopped by Matt Murray without a rebound.
3:58 of 2nd period - Oscar Sundqvist wins face-off versus Radel Fazleev in Little Stars zone.
4:29 of 2nd period - Minor Penalty to Kerby Rychel for Slashing.
4:30 of 2nd period - Oscar Sundqvist wins face-off versus Jesse Joensuu in Atomiques zone.
4:34 of 2nd period - Scott Kosmachuck is hit by Oscar Sundqvist and loses puck.
6:10 of 2nd period - Jacob De La Rose is hit by Daniel O'regan and loses puck.
6:29 of 2nd period - Penalty to Kerby Rychel is over, Kerby Rychel is back on ice.
6:56 of 2nd period - Minor Penalty to William Nylander for Tripping.
6:57 of 2nd period - Oscar Sundqvist wins face-off versus Daniel O'regan in Atomiques zone.
6:57 of 2nd period - Oscar Sundqvist is hit by Adam Tambellini.
8:49 of 2nd period - Evgeny Kuznetsov is hit by Matt Tennyson and loses puck.
8:56 of 2nd period - Penalty to William Nylander is over, William Nylander is back on ice.
9:10 of 2nd period - Wrist shot by Freddie Hamilton.
9:10 of 2nd period - Stopped by Matt Murray with a rebound.
9:12 of 2nd period - Wrist shot by Freddie Hamilton.
9:12 of 2nd period - Stopped by Matt Murray with a rebound.
9:27 of 2nd period - Snap shot by Michael Mersch.
9:27 of 2nd period - Stopped by Connor Hellebyuk without a rebound.
9:28 of 2nd period - Jason Dickinson wins face-off versus Nick Schmaltz in Atomiques zone.
9:45 of 2nd period - Michael Mersch is hit by Dustin Kohn and loses puck.
10:50 of 2nd period - Minor Penalty to Dalton Smith for Holding.
10:51 of 2nd period - Evgeny Kuznetsov wins face-off versus Oscar Sundqvist in Atomiques zone.
11:23 of 2nd period - Wrist shot by Daniel O'regan.
11:23 of 2nd period - Stopped by Connor Hellebyuk with a rebound.
11:41 of 2nd period - Matt Tennyson is hit by Anton Cederholm and loses puck.
12:32 of 2nd period - Adam Tambellini is hit by Michael Chaput and loses puck.
12:50 of 2nd period - Penalty to Dalton Smith is over, Dalton Smith is back on ice.
12:52 of 2nd period - Icing by Jesse Joensuu.
12:53 of 2nd period - Nick Schmaltz wins face-off versus Evgeny Kuznetsov in Little Stars zone.
12:54 of 2nd period - Snap shot by William Nylander.
12:54 of 2nd period - Stopped by Matt Murray with a rebound.
13:16 of 2nd period - Snap shot by Sebastian Wannstrom.
13:16 of 2nd period - Stopped by Connor Hellebyuk without a rebound.
13:17 of 2nd period - Daniil Tarasov wins face-off versus Oscar Sundqvist in Atomiques zone.
13:18 of 2nd period - Slapshot by Radel Fazleev.
13:18 of 2nd period - Stopped by Connor Hellebyuk without a rebound.
13:19 of 2nd period - Oscar Sundqvist wins face-off versus Daniil Tarasov in Atomiques zone.
13:29 of 2nd period - Minor Penalty to Tucker Poolman for Hooking.
13:30 of 2nd period - Evgeny Kuznetsov wins face-off versus Oscar Sundqvist in Little Stars zone.
14:18 of 2nd period - Snap shot by Adam Tambellini.
14:18 of 2nd period - Shot Misses the Net.
15:29 of 2nd period - Penalty to Tucker Poolman is over, Tucker Poolman is back on ice.
15:36 of 2nd period - Snap shot by Daniel O'regan.
15:36 of 2nd period - Deflect By Zach Budish.
15:36 of 2nd period - Shot Misses the Net.
15:36 of 2nd period - Puck is out of play.
15:37 of 2nd period - Daniel O'regan wins face-off versus Michael Chaput in Atomiques zone.
15:46 of 2nd period - Snap shot by Daniel O'regan.
15:46 of 2nd period - Shot Misses the Net.
15:58 of 2nd period - Jacob De La Rose is hit by Sebastian Wannstrom and loses puck.
16:07 of 2nd period - Snap shot by Sebastian Wannstrom.
16:07 of 2nd period - Shot Blocked by Eric Mestery.
16:24 of 2nd period - Icing by Kerby Rychel.
16:25 of 2nd period - Nick Schmaltz wins face-off versus Evgeny Kuznetsov in Atomiques zone.
16:25 of 2nd period - Nick Schmaltz is hit by Jesse Joensuu.
16:51 of 2nd period - Kerby Rychel is hit by Sebastian Wannstrom and loses puck.
16:57 of 2nd period - Off-side.
16:58 of 2nd period - Jason Dickinson wins face-off versus Jonathan Huberdeau in neutral zone.
17:25 of 2nd period - Eric Knodel is hit by Jonathan Huberdeau and loses puck.
17:42 of 2nd period - Snap shot by Michael Mersch.
17:42 of 2nd period - Shot Blocked by Dustin Kohn.
17:44 of 2nd period - Slapshot by Eric Knodel.
17:44 of 2nd period - Deflect By Michael Mersch.
17:44 of 2nd period - Stopped by Connor Hellebyuk with a rebound.
18:01 of 2nd period - Anton Cederholm is hit by Corey Tropp.
18:07 of 2nd period - Slapshot by Dustin Kohn.
18:07 of 2nd period - Stopped by Matt Murray with a rebound.
18:09 of 2nd period - Slapshot by Corey Tropp.
18:09 of 2nd period - Stopped by Matt Murray without a rebound.
18:10 of 2nd period - Evgeny Kuznetsov wins face-off versus William Nylander in Little Stars zone.
18:40 of 2nd period - Slapshot by Matt Tennyson.
18:40 of 2nd period - Stopped by Matt Murray with a rebound.
18:42 of 2nd period - Slapshot by Jordan Schmaltz.
18:42 of 2nd period - Stopped by Matt Murray without a rebound.
18:43 of 2nd period - Michael Chaput wins face-off versus Zach Budish in Little Stars zone.
18:52 of 2nd period - Slapshot by Zach Budish.
18:52 of 2nd period - Stopped by Connor Hellebyuk without a rebound.
18:53 of 2nd period - Daniel O'regan wins face-off versus Michael Chaput in Atomiques zone.
18:56 of 2nd period - Snap shot by Daniel O'regan.
18:56 of 2nd period - Stopped by Connor Hellebyuk with a rebound.
18:58 of 2nd period - Wrist shot by Adam Tambellini.
18:58 of 2nd period - Shot Blocked by Eric Mestery.
19:00 of 2nd period - Wrist shot by Daniel O'regan.
19:00 of 2nd period - Goal by Daniel O'regan - Little Stars : 3 - Atomiques : 2.
19:01 of 2nd period - Oscar Sundqvist wins face-off versus Evgeny Kuznetsov in neutral zone.
19:10 of 2nd period - Slapshot by Jonathan Huberdeau.
19:10 of 2nd period - Shot Blocked by Evgeny Kuznetsov.
19:12 of 2nd period - Slapshot by Jonathan Huberdeau.
19:12 of 2nd period - Stopped by Matt Murray with a rebound.
19:14 of 2nd period - Backhand shot by Jonathan Huberdeau.
19:14 of 2nd period - Goal by Jonathan Huberdeau - Little Stars : 3 - Atomiques : 3.
19:15 of 2nd period - Oscar Sundqvist wins face-off versus Scott Kosmachuck in neutral zone.
19:46 of 2nd period - Snap shot by Jesse Joensuu.
19:46 of 2nd period - Shot Blocked by Jacob De La Rose.
19:48 of 2nd period - Slapshot by Jesse Joensuu.
19:48 of 2nd period - Shot Misses the Net.
19:50 of 2nd period - Wrist shot by Eric Knodel.
19:50 of 2nd period - Shot Blocked by Dustin Kohn.
19:52 of 2nd period - Slapshot by Evgeny Kuznetsov.
19:52 of 2nd period - Goal by Evgeny Kuznetsov - Little Stars : 4 - Atomiques : 3.
19:53 of 2nd period - Jonathan Huberdeau wins face-off versus Daniel O'regan in neutral zone.
Goals for this period are 2 for Little Stars vs 1 for Atomiques.
Shots for this period are 10 for Little Stars vs 10 for Atomiques.

3rd period


0:01 of 3rd period - Evgeny Kuznetsov wins face-off versus Oscar Sundqvist in neutral zone.
0:32 of 3rd period - Snap shot by Michael Mersch.
0:32 of 3rd period - Shot Misses the Net.
1:47 of 3rd period - Slapshot by Dustin Kohn.
1:47 of 3rd period - Stopped by Matt Murray with a rebound.
2:43 of 3rd period - Off-side.
2:44 of 3rd period - Oscar Sundqvist wins face-off versus Radel Fazleev in neutral zone.
3:09 of 3rd period - Jesse Joensuu is hit by Nick Schmaltz and loses puck.
3:40 of 3rd period - Snap shot by Daniel O'regan.
3:40 of 3rd period - Stopped by Connor Hellebyuk without a rebound.
3:41 of 3rd period - Corey Tropp wins face-off versus Evgeny Kuznetsov in Atomiques zone.
3:41 of 3rd period - Corey Tropp is hit by Jesse Joensuu.
4:05 of 3rd period - Anton Cederholm is hit by Kerby Rychel.
4:31 of 3rd period - Snap shot by Michael Mersch.
4:31 of 3rd period - Stopped by Connor Hellebyuk without a rebound.
4:32 of 3rd period - Jason Dickinson wins face-off versus Oscar Sundqvist in Atomiques zone.
4:43 of 3rd period - Wrist shot by Sebastian Wannstrom.
4:43 of 3rd period - Shot Blocked by Matt Tennyson.
4:45 of 3rd period - Snap shot by Tucker Poolman.
4:45 of 3rd period - Stopped by Connor Hellebyuk with a rebound.
4:47 of 3rd period - Snap shot by Sebastian Wannstrom.
4:47 of 3rd period - Shot Blocked by Jordan Schmaltz.
4:49 of 3rd period - Snap shot by Sebastian Wannstrom.
4:49 of 3rd period - Shot Misses the Net.
4:53 of 3rd period - Wrist shot by Jason Dickinson.
4:53 of 3rd period - Shot Misses the Net.
5:51 of 3rd period - Wrist shot by Sebastian Wannstrom.
5:51 of 3rd period - Shot Misses the Net.
5:53 of 3rd period - Slapshot by Tucker Poolman.
5:53 of 3rd period - Shot Blocked by Corey Tropp.
5:55 of 3rd period - Slapshot by Sebastian Wannstrom.
5:55 of 3rd period - Goal by Sebastian Wannstrom - Little Stars : 5 - Atomiques : 3.
5:56 of 3rd period - Nick Schmaltz wins face-off versus Evgeny Kuznetsov in neutral zone.
6:09 of 3rd period - Wrist shot by Kerby Rychel.
6:09 of 3rd period - Deflect By Nick Schmaltz.
6:09 of 3rd period - Shot Misses the Net.
6:09 of 3rd period - Puck is out of play.
6:10 of 3rd period - Jacob De La Rose wins face-off versus Evgeny Kuznetsov in Little Stars zone.
6:35 of 3rd period - Snap shot by Dalton Smith.
6:35 of 3rd period - Stopped by Matt Murray with a rebound.
6:43 of 3rd period - Snap shot by Freddie Hamilton.
6:43 of 3rd period - Shot Misses the Net.
6:55 of 3rd period - Wrist shot by Jesse Joensuu.
6:55 of 3rd period - Shot Blocked by Nick Schmaltz.
7:05 of 3rd period - Snap shot by Jesse Joensuu.
7:05 of 3rd period - Stopped by Connor Hellebyuk with a rebound.
8:02 of 3rd period - Snap shot by Freddie Hamilton.
8:02 of 3rd period - Stopped by Matt Murray with a rebound.
8:04 of 3rd period - Slapshot by Matt Tennyson.
8:04 of 3rd period - Shot Blocked by Sebastian Wannstrom.
8:06 of 3rd period - Wrist shot by Jordan Schmaltz.
8:06 of 3rd period - Stopped by Matt Murray without a rebound.
8:07 of 3rd period - Nick Schmaltz wins face-off versus Daniel O'regan in Little Stars zone.
8:16 of 3rd period - Wrist shot by Kerby Rychel.
8:16 of 3rd period - Shot Blocked by Zach Budish.
8:56 of 3rd period - Sebastian Wannstrom is hit by Eric Mestery and loses puck.
9:01 of 3rd period - Wrist shot by Michael Chaput.
9:01 of 3rd period - Stopped by Matt Murray with a rebound.
9:03 of 3rd period - Slapshot by Travis Sanheim.
9:03 of 3rd period - Shot Blocked by Anton Cederholm.
9:05 of 3rd period - Snap shot by Michael Chaput.
9:05 of 3rd period - Goal by Michael Chaput - Little Stars : 5 - Atomiques : 4.
9:06 of 3rd period - Evgeny Kuznetsov wins face-off versus Oscar Sundqvist in neutral zone.
9:13 of 3rd period - Wrist shot by Jesse Joensuu.
9:13 of 3rd period - Deflect By Scott Kosmachuck.
9:13 of 3rd period - Shot Misses the Net.
9:13 of 3rd period - Puck is out of play.
9:14 of 3rd period - Evgeny Kuznetsov wins face-off versus Oscar Sundqvist in Atomiques zone.
11:00 of 3rd period - Jonathan Huberdeau is hit by Jesse Joensuu and loses puck.
11:06 of 3rd period - Icing by Eric Mestery.
11:07 of 3rd period - Daniel O'regan wins face-off versus Oscar Sundqvist in Atomiques zone.
11:34 of 3rd period - Oscar Sundqvist is hit by Daniil Tarasov.
11:56 of 3rd period - Slapshot by Nick Schmaltz.
11:56 of 3rd period - Stopped by Matt Murray without a rebound.
11:57 of 3rd period - Daniel O'regan wins face-off versus Nick Schmaltz in Little Stars zone.
12:29 of 3rd period - Slapshot by Michael Chaput.
12:29 of 3rd period - Stopped by Matt Murray with a rebound.
13:06 of 3rd period - Off-side.
13:07 of 3rd period - Nick Schmaltz wins face-off versus Radel Fazleev in neutral zone.
13:26 of 3rd period - Minor Penalty to Daniil Tarasov for Holding.
13:27 of 3rd period - Oscar Sundqvist wins face-off versus Evgeny Kuznetsov in Little Stars zone.
13:30 of 3rd period - Slapshot by Jonathan Huberdeau.
13:30 of 3rd period - Shot Misses the Net.
13:32 of 3rd period - Wrist shot by Jonathan Huberdeau.
13:32 of 3rd period - Shot Misses the Net.
13:34 of 3rd period - Snap shot by Oscar Sundqvist.
13:34 of 3rd period - Goal by Oscar Sundqvist - Little Stars : 5 - Atomiques : 5.
13:35 of 3rd period - Oscar Sundqvist wins face-off versus Evgeny Kuznetsov in neutral zone.
13:38 of 3rd period - Backhand shot by Travis Sanheim.
13:38 of 3rd period - Stopped by Matt Murray without a rebound.
13:39 of 3rd period - Evgeny Kuznetsov wins face-off versus Oscar Sundqvist in Little Stars zone.
14:47 of 3rd period - Tyler Wotherspoon is hit by Jordan Schmaltz and loses puck.
14:58 of 3rd period - Snap shot by Evgeny Kuznetsov.
14:58 of 3rd period - Shot Blocked by Matt Tennyson.
15:00 of 3rd period - Snap shot by Jesse Joensuu.
15:00 of 3rd period - Shot Misses the Net.
15:04 of 3rd period - Wrist shot by Evgeny Kuznetsov.
15:04 of 3rd period - Shot Blocked by Jordan Schmaltz.
15:06 of 3rd period - Snap shot by Scott Kosmachuck.
15:06 of 3rd period - Stopped by Connor Hellebyuk without a rebound.
15:07 of 3rd period - Daniel O'regan wins face-off versus Michael Chaput in Atomiques zone.
15:18 of 3rd period - Zach Budish is hit by Eric Mestery.
16:16 of 3rd period - Zach Budish is hit by Kerby Rychel and loses puck.
16:41 of 3rd period - Icing by Matt Tennyson.
16:42 of 3rd period - Daniel O'regan wins face-off versus Max Friberg in Atomiques zone.
16:43 of 3rd period - Snap shot by Adam Tambellini.
16:43 of 3rd period - Stopped by Connor Hellebyuk without a rebound.
16:44 of 3rd period - Michael Mersch wins face-off versus Michael Chaput in Atomiques zone.
17:16 of 3rd period - Slapshot by Tyler Wotherspoon.
17:16 of 3rd period - Shot Blocked by Travis Sanheim.
17:22 of 3rd period - Slapshot by Dustin Kohn.
17:22 of 3rd period - Stopped by Matt Murray without a rebound.
17:23 of 3rd period - Evgeny Kuznetsov wins face-off versus Nick Schmaltz in Little Stars zone.
19:00 of 3rd period - Dustin Kohn is hit by Eric Knodel and loses puck.
Goals for this period are 1 for Little Stars vs 2 for Atomiques.
Shots for this period are 7 for Little Stars vs 11 for Atomiques.

Overtime #1


0:01 of 1st overtime period - Evgeny Kuznetsov wins face-off versus Jonathan Huberdeau in neutral zone.
0:04 of 1st overtime period - Jonathan Huberdeau is hit by Tyler Wotherspoon and loses puck.
0:41 of 1st overtime period - Double Minor Penalty to Eric Knodel for Roughing.
0:42 of 1st overtime period - Evgeny Kuznetsov wins face-off versus Jonathan Huberdeau in Little Stars zone.
3:36 of 1st overtime period - Anton Cederholm is hit by Oscar Sundqvist and loses puck.
4:41 of 1st overtime period - Penalty to Eric Knodel is over, Eric Knodel is back on ice.
4:50 of 1st overtime period - Dalton Smith is hit by Jesse Joensuu and loses puck.
Goals for this period are 0 for Little Stars vs 0 for Atomiques.
Shots for this period are 0 for Little Stars vs 0 for Atomiques.

ShootOut


5:00 of 1st overtime period - Round #1.
5:00 of 1st overtime period - Little Stars, Evgeny Kuznetsov.
5:00 of 1st overtime period - Deke by Evgeny Kuznetsov.
5:00 of 1st overtime period - Stopped by Connor Hellebyuk.
5:00 of 1st overtime period - Atomiques, Jonathan Huberdeau.
5:00 of 1st overtime period - Wrist shot by Jonathan Huberdeau.
5:00 of 1st overtime period - Shot Misses the Net.
5:00 of 1st overtime period - Round #2.
5:00 of 1st overtime period - Little Stars, Jesse Joensuu.
5:00 of 1st overtime period - Snap shot by Jesse Joensuu.
5:00 of 1st overtime period - Stopped by Connor Hellebyuk.
5:00 of 1st overtime period - Atomiques, Corey Tropp.
5:00 of 1st overtime period - Wrist shot by Corey Tropp.
5:00 of 1st overtime period - Stopped by Matt Murray.
5:00 of 1st overtime period - Round #3.
5:00 of 1st overtime period - Little Stars, Adam Tambellini.
5:00 of 1st overtime period - Wrist shot by Adam Tambellini.
5:00 of 1st overtime period - Stopped by Connor Hellebyuk.
5:00 of 1st overtime period - Atomiques, Max Friberg.
5:00 of 1st overtime period - Wrist shot by Max Friberg.
5:00 of 1st overtime period - Goal by Max Friberg.